 Dungeon Crawl Stone Soup version 0.18.1-48-g4cf74bf (webtiles) character file.

265 HeyBub the Ducker (level 5, -6/25 HPs)
             Began as a Felid Monk on Aug 27, 2016.
             Was a Believer of Okawaru.
             Shot with an arrow by a centaur (9 damage)
             ... on level 5 of the Dungeon.
             The game lasted 00:10:54 (2762 turns).

HeyBub the Ducker (Felid Monk)                      Turns: 2762, Time: 00:10:55

Health: -6/25      AC:  1    Str:  7    XL:     5   Next: 99%
Magic:  6/6        EV: 22    Int: 12    God:    Okawaru [**....]
Gold:   90         SH:  0    Dex: 19    Spells: 0 memorised, 4 levels left
                                        Lives:  0   Deaths: 1

rFire  . . .     SeeInvis +       - Unarmed
rCold  . . .     Gourm    .     (armour unavailable)
rNeg   . . .     Faith    .     (shield unavailable)
rPois  .         Spirit   .     (helmet unavailable)
rElec  .         Dismiss  .     (cloak unavailable)
rCorr  .         Reflect  .     (gloves unavailable)
SustAt .         Harm     .     (boots unavailable)
MR     .....                    (no amulet)
Stlth  ++++......               (no ring)
                                (no ring)

@: quick, not resistant to hostile enchantments, stealthy
A: no armour, no weapons or thrown items, claws 1, fangs 3, see invisible,
carnivore 3, speed 1, shaggy fur 1, slow metabolism 1, sharp paws
a: Heroism, Renounce Religion


You were on level 5 of the Dungeon.
You worshipped Okawaru.
Okawaru was pleased with you.
You were not hungry.

You visited 1 branch of the dungeon, and saw 4 of its levels.

You collected 90 gold pieces.

Inventory:

Jewellery
 i - a cursed -2 ring of dexterity {unknown}
 k - an uncursed ring of positive energy {unknown}
Wands
 g - a wand of iceblast (4/15)
Scrolls
 c - 4 scrolls of magic mapping
 d - a scroll of noise
 e - 4 scrolls of identify
 f - a scroll of amnesia {unknown}
 h - a scroll of teleportation {unknown}
Comestibles
 a - 2 meat rations
 b - a slice of pizza
 j - a royal jelly


   Skills:
 + Level 4.1 Fighting
 + Level 6.1 Dodging
 + Level 4.6 Stealth
 + Level 5.5 Unarmed Combat
 + Level 0.2 Invocations


You had 4 spell levels left.
You didn't know any spells.

Dungeon Overview and Level Annotations

Branches:
Dungeon (3/15)

Altars:
Okawaru
Qazlal
Ru

Annotations:
D:5 JirkfaceJones's ghost, amateur GrFi; Prince Ribbit


Innate Abilities, Weirdness & Mutations

You cannot wear armour.
You are incapable of wielding weapons or throwing items.
You have sharp claws.
You have razor-sharp teeth.
You have supernaturally acute eyesight.
You are carnivorous and can eat meat at any time.
You cover ground quickly.
You are covered in fur (AC +1).
You have a slow metabolism.
Your sharp claws are effective at attacking unaware monsters.


Message History

Zapping:
g - a wand of iceblast (5/15)
Press: ? - help, Shift-Dir - straight line, p - centaur The mass of ice explodes!
The iceblast engulfs JirkfaceJones's ghost.
JirkfaceJones's ghost partially resists.
JirkfaceJones's ghost is severely damaged.
This wand has 4 charges left.
You hear a howl!
The howler monkey howls!
The howler monkey hoots and howls with incredible vigour!
You hear a shout!
The howler monkey hoots and howls with incredible vigour!
JirkfaceJones's ghost whispers, "The ORB doesn't exist."
You hear a shout!
A sky beast comes into view.
The sky beast moves out of view.
The centaur shoots an arrow.
The arrow hits you!
* * * LOW HITPOINT WARNING * * *
The centaur shoots an arrow.
The arrow hits you!
You die...

#.....[.# #.......#
#.......# ##### #.......#
#....# #.......# #....#
#.......# #....# ##.......#
##....#
###........##########.....#
................@...W.....#
...........†#####.....c...#
..####..........#..###h...#
W...###.........#..+ #..###
##..###.....>...#..###..#
###.........(.........c## #
#.###.........#......#
###.. #......(.[##....##
.###..#..........##...####


You could see a centaur, a howler monkey and JirkfaceJones's ghost.

Vanquished Creatures
  A sky beast (D:5)
  The ghost of cheese the Chopper, an amateur GrGl of Okawaru (D:3)
  A crimson imp (D:5)
  A hound (D:5)
  4 adders
  An ooze (D:2)
  2 worms (D:3)
  3 dart slugs
  4 giant geckos
  3 orcs (D:3)
  3 giant cockroaches
  7 goblins
  7 hobgoblins
  8 jackals
  10 kobolds
  2 ball pythons
  8 bats
  4 giant newts
  4 rats
74 creatures vanquished.

Notes
Turn   | Place    | Note
--------------------------------------------------------------
     0 | D:1      | HeyBub the Felid Monk began the quest for the Orb.
     0 | D:1      | Reached XP level 1. HP: 10/10 MP: 2/2
   108 | D:1      | Reached XP level 2. HP: 6/14 MP: 3/3
   647 | D:1      | Reached XP level 3. HP: 17/17 MP: 4/4
  1433 | D:2      | Reached XP level 4. HP: 15/21 MP: 5/5
  1435 | D:2      | Found an iron altar of Okawaru.
  1446 | D:2      | Became a worshipper of Warmaster Okawaru
  1446 | D:2      | Reached * piety under Okawaru
  1446 | D:2      | Reached ** piety under Okawaru
  1789 | D:3      | Found a stormy altar of Qazlal.
  1802 | D:3      | Noticed cheese's ghost (amateur GrGl)
  1869 | D:3      | Killed cheese's ghost
  1869 | D:3      | Reached skill level 5 in Dodging
  1869 | D:3      | Reached skill level 5 in Unarmed Combat
  1869 | D:3      | Reached XP level 5. HP: 5/25 MP: 4/6
  2277 | D:3      | HP: 1/25 [orc (4)]
  2331 | D:3      | You fall through a shaft for 2 floors!
  2331 | D:5      | Entered Level 5 of the Dungeon
  2331 | D:5      | Noticed Prince Ribbit
  2354 | D:5      | Mangled by Prince Ribbit
  2355 | D:5      | Reached XP level 4. HP: -12/22 MP: 5/5
  2355 | D:5      | Found a sacrificial altar of Ru.
  2400 | D:5      | Reached XP level 5. HP: 12/25 MP: 6/6
  2537 | D:5      | Noticed JirkfaceJones's ghost (amateur GrFi)
  2551 | D:5      | Noticed a sky beast
  2676 | D:5      | Noticed a centaur
  2689 | D:5      | Killed a sky beast
  2689 | D:5      | Reached skill level 6 in Dodging
  2759 | D:5      | Noticed a sky beast
  2762 | D:5      | Shot with an arrow by a centaur

Skill      XL: |  1  2  3  4  5 |
---------------+----------------+-----
Stealth        | 3 4 |  4.6
Dodging        | 5 6 |  6.1
Unarmed Combat | 5 |  5.5
Fighting       | 4 |  4.1
Invocations    | |  0.2

Action                   |  1- 3 |  4- 6 || total
-------------------------+-------+-------++-------
Melee: Unarmed           |    98 |   130 ||   228
       Bite              |     9 |    11 ||    20
       Punch             |       |     2 ||     2
Invok: Heroism           |       |     2 ||     2
Evoke: Wand              |       |     5 ||     5
  Use: Scroll            |     3 |     1 ||     4
       Potion            |       |     1 ||     1
 Stab: Sleeping          |     4 |     5 ||     9
       Distracted        |       |     1 ||     1
  Eat: Chunk             |     3 |     2 ||     5
Armor: Skin              |     7 |    12 ||    19
Dodge: Dodged            |    97 |    92 ||   189
